 Dungeon Crawl Stone Soup version 0.26-a0-778-g3fe0686644 (webtiles) character file.

Game seed: 12306335791893066590

87 robertstho the Vandal (level 4, -2/29 HPs)
             Began as a Halfling Hunter on Nov 10, 2020.
             Slain by a gnoll
             ... wielding a +1 spear of pain
              (4 damage)
             ... on level 2 of the Dungeon.
             The game lasted 00:02:06 (1112 turns).

robertstho the Vandal (Halfling Hunter)             Turns: 1112, Time: 00:02:06

Health: -2/29      AC:  8    Str: 14    XL:     4   Next: 80%
Magic:  4/4        EV:  9    Int:  9    God:
Gold:   69         SH:  0    Dex: 14    Spells: 3/3 levels left

rFire    . . .     SeeInvis .   a - +2 hunting sling
rCold    . . .     Faith    .   (shield restricted)
rNeg     . . .     Spirit   .   j - +0 chain mail
rPois    .         Reflect  .   (helmet restricted)
rElec    .         Harm     .   (no cloak)
rCorr    .         Rampage  .   (no gloves)
MR       .....                  (no boots)
Stlth    ..........             (no amulet)
HPRegen  0.09/turn              (no ring)
MPRegen  0.09/turn              (no ring)

@: brilliant
A: small, horns 1, mutation resistance 1
a: no special abilities


You were on level 2 of the Dungeon.
You visited 1 branch of the dungeon, and saw 2 of its levels.

You collected 69 gold pieces.

Inventory:

Hand Weapons
 a - a +2 hunting sling (weapon)
 b - a +0 short sword
Missiles
 d - 36 sling bullets (quivered)
 e - 57 stones
Armour
 c - a +0 leather armour
 j - a +0 chain mail (worn)
Scrolls
 f - a scroll of immolation
 i - 4 scrolls of identify


   Skills:
 * Level 2.0 Fighting
 * Level 7.2 Slings
 * Level 2.2 Armour
 * Level 2.7 Dodging
 + Level 1.1 Stealth


You had 3 spell levels left.
You didn't know any spells.
Your spell library was empty.

Dungeon Overview and Level Annotations

Branches:
Dungeon (2/15)

Altars:


Innate Abilities, Weirdness & Mutations

You are small and have problems with some larger weapons.
You are somewhat resistant to further mutation.
You have a pair of small horns on your head.


Message History

Terence hits you with a +0 short sword.
* * * LOW HITPOINT WARNING * * *
The gnoll hits you from afar with a +0 halberd.
* * * LOW HITPOINT WARNING * * *
The gnoll barely misses you. Terence closely misses you.
Firing (i - inventory. (/) - cycle)
d - 38 sling bullets (quivered)
Press: ? - help, Shift-Dir - straight line, f/p - Terence
Aim: Terence, wielding a +0 short sword and wearing a +0 chain mail (severely wounded)
You shoot a sling bullet. The sling bullet hits Terence.
Terence is almost dead.
The kobold throws a stone.
The stone closely misses you. Terence barely misses you.
Firing (i - inventory. (/) - cycle)
d - 37 sling bullets (quivered)
Press: ? - help, Shift-Dir - straight line, f/p - Terence
Aim: Terence, wielding a +0 short sword and wearing a +0 chain mail (almost dead)
You shoot a sling bullet. The sling bullet hits Terence.
You kill Terence!
Your Armour skill increases to level 2!
The gnoll hits you from afar with a +1 spear of pain.
You die...

.........#
###..K..####
.......^##
##.......#
>#.....##
##.B##.##...#
########
####............
##.....###..###
. ##.K#...# #..#
#g(##.### #..#
#).gB.# ..#
#@##### ###


You could see 2 gnolls, a giant cockroach and a kobold.

Vanquished Creatures
  Terence (D:2)
  An adder (D:2)
  A gnoll (D:2)
  2 oozes (D:1)
  A dart slug (D:1)
  A leopard gecko (D:1)
  A giant cockroach (D:1)
  7 goblins
  2 hobgoblins
  3 jackals (D:1)
  3 bats
  A frilled lizard (D:2)
  3 kobolds
  6 rats
33 creatures vanquished.

Notes
Turn   | Place    | Note
-------+----------+-------------------------------------------
     0 | D:1      | robertstho the Halfling Hunter began the quest for the Orb.
     0 | D:1      | Reached XP level 1. HP: 14/14 MP: 1/1
    39 | D:1      | Reached skill level 6 in Slings
    46 | D:1      | Reached XP level 2. HP: 14/19 MP: 2/2
   307 | D:1      | Reached XP level 3. HP: 24/24 MP: 3/3
   872 | D:2      | Reached skill level 1 in Armour
   875 | D:2      | Reached skill level 7 in Slings
   875 | D:2      | Reached XP level 4. HP: 20/29 MP: 4/4
  1073 | D:2      | Noticed Terence
  1107 | D:2      | Gained mutation: You have a pair of small horns on your
                  | head. [potion of mutation]
  1112 | D:2      | Killed Terence
  1112 | D:2      | Slain by a gnoll

Illustrated notes

Levels and vault maps discovered:
D:1:      minmay_arrival_checkered_box, layout_basic, minmay_pentomino_z4
D:2:      layout_rooms, minmay_overflow_temple_star_quad, old_standard_altar,
          uniq_terence

Skill      XL: |  1  2  3  4 |
---------------+-------------+-----
Slings         | 6 7 |  7.2
Armour         | 1 2 |  2.2
Fighting       | 2 |  2.0
Dodging        | |  2.7
Stealth        | |  1.1

Action                   |  1- 3 |  4- 6 || total
-------------------------+-------+-------++-------
 Fire: Hunting sling     |    87 |    24 ||   111
  Use: Potion            |       |     4 ||     4
       Scroll            |       |     2 ||     2
Armor: Leather armour    |     5 |       ||     5
       Chain mail        |    14 |     6 ||    20
Dodge: Dodged            |    23 |    15 ||    38

Table legend: (Time is in decaauts)
 A = Elapsed time spent in this place.
 B = Non-inter-level travel time spent in this place.
 C = Inter-level travel time spent in this place.
 D = Time resting spent in this place.
 E = Time spent auto-exploring this place.
 F = Levels seen in this place.
 G = Mean time per level.
                   A        B        C        D        E       F      G
               +--------+--------+--------+--------+--------+-----+--------+
         Total |   1097 |   1090 |      7 |      0 |    888 |   2 |  548.5 |
       Dungeon |   1097 |   1090 |      7 |      0 |    888 |   2 |  548.5 |
               +--------+--------+--------+--------+--------+-----+--------+

Top non-repeatable levels by time:
     D:1: 847 daAuts
     D:2: 249 daAuts
